[Event "Early-Titled-Tuesday-Blitz-October-17-2023"]
[Site "Chess.com"]
[Date "2023.10.17"]
[Round "3"]
[White "zsoltkorpics"]
[Black "TimGrutter03"]
[Result "0-1"]
[WhiteElo "2337"]
[BlackElo "2557"]
[TimeControl "180+1"]
[EndTime "8:28:25 PDT"]
[Termination "TimGrutter03 won by resignation"]

1. e4 c6 2. Nf3 d5 3. Nc3 dxe4 4.
Nxe4 Nf6 5. Qe2 Nxe4 6. Qxe4 Be6 7. b3 Bd5 8. Qe3 e6 9. Bb2 Bxf3 10. Qxf3 Nd7 11.
O-O-O Nf6 12. Rg1 Qd5 13. Qe3 Bc5 14. Qg3 Ne4 15. Qxg7 O-O-O 16. Qxh8 Rxh8 17. Bxh8 Nxf2 18. Re1 Ne4 19. Bd3 Bxg1 20. Rxg1 e5 21. Re1 f5 22. g4 Qd4 23. Kb1 Nxd2+ 24. Kc1 Nf3 25.
Bxf5+ Kc7 26. Bxe5+ Nxe5 27. Re4 Qg1+ 28. Kb2 Qxh2 29.
Bxh7 Qxh7 30. Rxe5 Qh8 0-1

[Event "Early-Titled-Tuesday-Blitz-October-17-2023"]
[Site "Chess.com"]
[Date "2023.10.17"]
[Round "3"]
[White "Semetey"]
[Black "AnaKuchava"]
[Result "1-0"]
[WhiteElo "2540"]
[BlackElo "2269"]
[TimeControl "180+1"]
[EndTime "8:28:26 PDT"]
[Termination "Semetey won by resignation"]

1. a3 d5 2. d4 Nf6 3. Nc3 Bf5 4. Bf4 e6 5. Nb5 Na6 6. e3 Be7 7. c4 c6 8. Nc3 Nc7 9. Nf3 h6 10. Be2 O-O 11. O-O Ne4 12. Rc1 Ne8 13. h3 N8f6 14. Na4 dxc4 15. Ne5 b5 16. Nxc6 Qd7 17. Nxe7+ Qxe7 18. Nc5 Rfd8 19. Nxe4 Nxe4 20. f3 Nf6 21. e4 Bg6 22. Be3 Rac8 23. Qe1 Qc7 24. Qb4 Qb6 25. a4 bxa4 26. Qxa4 Qxb2 27. Bxc4 Nd7 28. Rc2 Qb7 29. Ba6 Qb6 30. Rxc8 1-0

[Event "Early-Titled-Tuesday-Blitz-October-17-2023"]
[Site "Chess.com"]
[Date "2023.10.17"]
[Round "3"]
[White "wanyaland"]
[Black "Maect19"]
[Result "0-1"]
[WhiteElo "2420"]
[BlackElo "2221"]
[TimeControl "180+1"]
[EndTime "8:28:27 PDT"]
[Termination "Maect19 won by resignation"]

1. d4 d5 2. c4 c6 3. Nc3 Nf6 4. Nf3 e6 5. e3 Nbd7 6. Bd3 dxc4 7. Bxc4 b5 8. Bd3 a6 9. e4 c5 10. e5 cxd4 11. Nxb5 axb5 12. exf6 gxf6 13. O-O Qb6 14. Qe2 Bb7 15. Bf4 Rg8 16. Bg3 f5 17. Bxf5 Ra4 18.
Bxh7 Rh8 19. Bd3 b4 20. Ne5 Ra5 21. Nxd7 Kxd7 22. Rac1 Bd6 23. Rfd1 f5 24. Re1 Bd5 25. Bc4 Bxc4 26. Qxc4 Bxg3 27. hxg3 Rd5 28. Rcd1 Rc8 29. Qe2 Qd6 30. Qb5+ Rxb5 0-1

[Event "Early-Titled-Tuesday-Blitz-October-17-2023"]
[Site "Chess.com"]
[Date "2023.10.17"]
[Round "3"]
[White "Ermito2020"]
[Black "invisible_s0ul"]
[Result "1-0"]
[WhiteElo "2590"]
[BlackElo "2274"]
[TimeControl "180+1"]
[EndTime "8:28:28 PDT"]
[Termination "Ermito2020 won by checkmate"]

1. e4 c5 2. Nf3 d6 3. d4 cxd4 4.
Nxd4 Nf6 5. Nc3 a6 6. Bg5 e6 7.
Qf3 Nbd7 8. O-O-O Be7 9. g4 Ne5 10. Qg3 Nexg4 11. f4 e5 12. Nf5 Bxf5 13. exf5 exf4 14.
Bxf4 O-O 15. h3 Nh5 16. Qxg4 Nxf4 17. Rg1 Ng6 18. fxg6 fxg6 19. Nd5 Bf6 20. Nxf6+ Qxf6 21. Bc4+ Kh8 22. Kb1 b5 23. Rgf1 Qe7 24. Qe6 Qc7 25. Bb3 a5 26. a3 a4 27. Ba2 Rac8 28. c3 Rfd8 29. Rf7 Qc6 30. Rdf1 Rg8 31. Bd5 Rce8 32.
Bxc6 Rxe6 33. Rf8 Rxf8 34. Rxf8# 1-0

[Event "Early-Titled-Tuesday-Blitz-October-17-2023"]
[Site "Chess.com"]
[Date "2023.10.17"]
[Round "3"]
[White "azikom"]
[Black "CuattroPrincesses"]
[Result "1-0"]
[WhiteElo "2621"]
[BlackElo "2281"]
[TimeControl "180+1"]
[EndTime "8:28:30 PDT"]
[Termination "azikom won on time"]

1. e4 c5 2. Nc3 d6 3. g3 g6 4. Bg2 Bg7 5. d3 Nc6 6. h4 h6 7. Nge2 e5 8. h5 g5 9. f4 Bg4 10. fxe5 Nxe5 11. Be3 Nf6 12. Qd2 Qa5 13. O-O-O O-O-O 14. Kb1 Bxh5 15. Rdf1 Bg6 16. Qc1 Nfg4 17.
Bd2 Qa6 18. Bh3 Kb8 19. Qd1 Rhf8 20. Nc1 h5 21. Bxg5 f6 22. Bf4 Qc6 23. Nd5 Rf7 24.
Bg2 a6 25. a3 Ka7 26. Nb3 Rdf8 27. Ne3 Qd7 28. Nxg4 Nxg4 29. d4 c4 30. Nc1 Qb5 31.
Na2 Re8 32. Nc3 Qa5 33. Qd2 Rfe7 34. Bxd6 1-0

[Event "Early-Titled-Tuesday-Blitz-October-17-2023"]
[Site "Chess.com"]
[Date "2023.10.17"]
[Round "3"]
[White "GeorgiosSouleidis"]
[Black "AvitalBor"]
[Result "0-1"]
[WhiteElo "2630"]
[BlackElo "2827"]
[TimeControl "180+1"]
[EndTime "8:28:32 PDT"]
[Termination "AvitalBor won by resignation"]

1. e4 e6 2. d4 d5 3. Nc3 Bb4 4.
Ne2 dxe4 5. a3 Bxc3+ 6. Nxc3 Nf6 7.
Bg5 Nbd7 8. Nxe4 h6 9. Nxf6+ Nxf6 10. Bxf6 Qxf6 11. Bd3 O-O 12. O-O Rd8 13. c3 Bd7 14.
Qe2 Bc6 15. Be4 Bxe4 16. Qxe4 c6 17. Rfe1 Rd5 18. Re3 Rad8 19. Rae1 a5 20. Rf3 Qe7 21. h3 Rb5 22. Re2 Qg5 23. Kh2 Rbd5 24. Rg3 Qf5 25. Qxf5 Rxf5 26. Rge3 Rfd5 27. f4 c5 28. dxc5 Rxc5 29.
g4 Kf8 30. Kg3 b6 31. Kf3 h5 32. a4 g6 33. Re5 Rxe5 34. Rxe5 Rd3+ 35. Re3 hxg4+ 36.
hxg4 Rd2 37. Re5 Rxb2 38. Ke3 Ke7 39. Kd3 Kd6 40. Re4 f6 41. Rd4+ Ke7 42. Rc4 Rg2 43. g5 fxg5 44. fxg5 Rxg5 45. Rc6 Rd5+ 46. Ke4 Rc5 47. Rxb6 Rxc3 48. Kd4 Rf3 49. Ra6 Rf4+ 50. Ke5 Rf5+ 51. Ke4 g5 0-1

[Event "Early-Titled-Tuesday-Blitz-October-17-2023"]
[Site "Chess.com"]
[Date "2023.10.17"]
[Round "3"]
[White "jk13"]
[Black "Mykola-Bortnyk"]
[Result "0-1"]
[WhiteElo "2681"]
[BlackElo "2974"]
[TimeControl "180+1"]
[EndTime "8:28:35 PDT"]
[Termination "Mykola-Bortnyk won by resignation"]

1. e4 e5 2. Nf3 d6 3. d4 exd4 4. Nxd4 Nf6 5. Nc3 Be7 6. g3 d5 7.
e5 Ng4 8. Bg2 c5 9. Nf3 d4 10.
Ne2 Nc6 11. Bf4 g5 12. h3 Nxf2 13. Kxf2 gxf4 14. Nxf4 Be6 15. Nxe6 fxe6 16. Rf1 Qc7 17. Qe2 Rg8 18. Qe4 O-O-O 19. Rae1 Nb4 20. Qxh7 d3 21. c3 c4 22. Qe4 Nc2 23. g4 Nxe1 24. Rxe1 Bg5 25.
h4 Be7 26. Kg3 Rh8 27. g5 Kb8 28. Nd2 Rdg8 29. Bf3 Bxg5 30. hxg5 Rxg5+ 31. Bg4 Rhg8 32. Re3 Qg7 33. Qf3 Rxg4+ 34. Kf2 Rf8 0-1

[Event "Early-Titled-Tuesday-Blitz-October-17-2023"]
[Site "Chess.com"]
[Date "2023.10.17"]
[Round "3"]
[White "MikeSailer"]
[Black "MAGMAchess02"]
[Result "1-0"]
[WhiteElo "2094"]
[BlackElo "2331"]
[TimeControl "180+1"]
[EndTime "8:28:36 PDT"]
[Termination "MikeSailer won on time"]

1. d4 Nf6 2. Bg5 c5 3. d5 d6 4. Nc3 g6 5. e4 Bg7 6. Bb5+ Bd7 7. a4 Qa5 8. f3 Qb4 9. Rb1 a6 10. Bxd7+ Nbxd7 11. Ne2 b5 12. axb5 axb5 13. O-O O-O 14. Ra1 c4 15. Be3 Rfb8 16. Qd2 Ne8 17.
Nd4 Rxa1 18. Rxa1 Qxb2 19. Rb1 Qa3 20. Ncxb5 Qa2 21. Qc1 Bxd4 22. Bxd4 1-0

[Event "Early-Titled-Tuesday-Blitz-October-17-2023"]
[Site "Chess.com"]
[Date "2023.10.17"]
[Round "3"]
[White "sorch29"]
[Black "Deadmold"]
[Result "1-0"]
[WhiteElo "2407"]
[BlackElo "2181"]
[TimeControl "180+1"]
[EndTime "8:28:37 PDT"]
[Termination "sorch29 won by resignation"]

1. d4 d5 2. c4 e6 3. Nf3 c5 4. e3 Nc6 5. Nc3 Nf6 6. a3 a6 7.
dxc5 Bxc5 8. b4 Ba7 9. Bb2 O-O 10.
Rc1 d4 11. exd4 Nxd4 12. Nxd4 Bxd4 13. Bd3 e5 14. O-O Be6 15. Qe2 Rc8 16. c5 Re8 17.
Na4 Bxb2 18. Nxb2 e4 19. Bc4 b5 20. Bxe6 Rxe6 21. Rfd1 Qe7 22. a4 bxa4 23. Nxa4 e3 24. fxe3 Rxe3 25. Qxa6 Re8 26. Nb6 Re2 27. Qd3 Ng4 28. Nd5 Qe5 29. Qg3 Qh5 30. Nf4 Qg5 31. Nxe2 Rxe2 32. Qb8+ 1-0

[Event "Early-Titled-Tuesday-Blitz-October-17-2023"]
[Site "Chess.com"]
[Date "2023.10.17"]
[Round "3"]
[White "PeshkaCh"]
[Black "Doomfist26"]
[Result "1-0"]
[WhiteElo "2822"]
[BlackElo "2629"]
[TimeControl "180+1"]
[EndTime "8:28:38 PDT"]
[Termination "PeshkaCh won by resignation"]

1. Nf3 Nf6 2. d4 g6 3. g3 Bg7 4. Bg2 c5 5. c4 cxd4 6. Nxd4 h5 7. h3 Nc6 8. Nc3 O-O 9. O-O d6 10. Nb3 Bd7 11. c5 Ne8 12. Bf4 Qc8 13. Kh2 e5 14. Be3 f5 15. f4 exf4 16. Bxf4 Kh7 17. cxd6 Nf6 18. Nc5 b6 19. Nxd7 Qxd7 20. Nd5 Ne4 21. Nc7 Rac8 22. Qa4 Bxb2 23. Rab1 Bg7 24. Rbc1 Ne5 25.
Qxd7 Nxd7 26. Ne6 Rfe8 27. Bxe4 fxe4 28. Rc7 Rxc7 29. dxc7 Rc8 30. Rd1 1-0

[Event "Early-Titled-Tuesday-Blitz-October-17-2023"]
[Site "Chess.com"]
[Date "2023.10.17"]
[Round "3"]
[White "SchmakAttack"]
[Black "Jospem"]
[Result "0-1"]
[WhiteElo "2725"]
[BlackElo "3106"]
[TimeControl "180+1"]
[EndTime "8:28:39 PDT"]
[Termination "Jospem won on time"]

1. e4 c5 2. Nf3 d6 3. d4 cxd4 4. Nxd4 a6 5. c4 e6 6. Nc3 Nf6 7. g4 h6 8. Rg1 Nc6 9. Be3 Bd7 10. h4 Nxd4 11. Qxd4 Bc6 12. g5 hxg5 13. hxg5 Nd7 14. O-O-O Ne5 15. Be2 Rh4 16. f4 Ng6 17. Qd2 Rc8 18.
f5 Ne5 19. g6 Qd7 20. gxf7+ Qxf7 21. Bg5 Rh2 22. Rh1 Rg2 23. Bh5 Rxd2 24. Bxf7+ Kxf7 25. fxe6+ Kxe6 26. Bxd2 Nxc4 27. Bf4 Be7 28. Rhg1 Bf6 29. Nd5 Bxb2+ 30. Kb1 Bf6 31. Nxf6 gxf6 32. Rge1 b5 33. Rd4 Rg8 34. a4 Rg4 35. Bc1 Ne5 36. Re3 bxa4 37.
Ka2 Bb5 38. Ba3 Nc4 0-1

[Event "Early-Titled-Tuesday-Blitz-October-17-2023"]
[Site "Chess.com"]
[Date "2023.10.17"]
[Round "3"]
[White "ukchessbomber"]
[Black "vladislavkovalev"]
[Result "0-1"]
[WhiteElo "2640"]
[BlackElo "2870"]
[TimeControl "180+1"]
[EndTime "8:28:39 PDT"]
[Termination "vladislavkovalev won by resignation"]

1. b4 Nf6 2. Bb2 g6 3. e3 Bg7 4. c4 O-O 5. Nf3 d6 6. d4 c5 7. Be2 cxb4 8. O-O b6 9. a3 bxa3 10. Nxa3 Bb7 11. Nb5 a6 12. Nc3 Nbd7 13. Qb3 Qc7 14.
Rfb1 Rfb8 15. Nd2 e6 16. Bc1 d5 17. h3 e5 18. cxd5 exd4 19. exd4 b5 20. Nde4 Nxe4 21. Nxe4 Bxd4 22. d6 Qd8 23. Ng5 Qf6 24. Kh2 Nc5 25.
Qg3 Bxa1 26. Qh4 h5 27. Rxa1 Qxa1 28. Qf4 Qg7 29. Bb2 Ne6 30. Nxe6 Qxb2 31. d7 fxe6 32.
Qg5 Qg7 0-1

[Event "Early-Titled-Tuesday-Blitz-October-17-2023"]
[Site "Chess.com"]
[Date "2023.10.17"]
[Round "3"]
[White "GMMatamoros"]
[Black "Defenstrator"]
[Result "1-0"]
[WhiteElo "2582"]
[BlackElo "2407"]
[TimeControl "180+1"]
[EndTime "8:28:39 PDT"]
[Termination "GMMatamoros won by resignation"]

1. d4 Nf6 2. c4 e5 3. dxe5 Ne4 4. a3 d6 5. Nf3 Nc6 6. exd6 Bxd6 7. e3 Qf6 8. Nbd2 Nxd2 9. Qxd2 Bg4 10. Be2 O-O-O 11.
Qc2 Rhe8 12. Bd2 Bxf3 13. Bxf3 Nd4 14. Bg4+ Kb8 15. Qa4 h5 16. Bxh5 Qf5 17. O-O-O Nc6 18. Bf3 Ne5 19. Qc2 Nd3+ 20. Kb1 g6 21. Bc3 Bf8 22. e4 Qd7 23. Be2 Rxe4 24. Rxd3 Qe8 25.
Rxd8+ Qxd8 26. Qxe4 1-0

[Event "Early-Titled-Tuesday-Blitz-October-17-2023"]
[Site "Chess.com"]
[Date "2023.10.17"]
[Round "3"]
[White "lluiss"]
[Black "Jojo_898"]
[Result "1-0"]
[WhiteElo "2156"]
[BlackElo "2365"]
[TimeControl "180+1"]
[EndTime "8:28:39 PDT"]
[Termination "lluiss won on time"]

1. Nf3 Nf6 2. d4 g6 3. g3 Bg7 4.
Bg2 O-O 5. O-O d5 6. c4 c6 7.
cxd5 cxd5 8. Nc3 Nc6 9. Ne5 Be6 10. Nxc6 bxc6 11. Na4 Nd7 12. Be3 Rb8 13. Rc1 Rc8 14.
Qd2 Nb6 15. b3 Nxa4 16. bxa4 Qd7 17. Rc5 Rb8 18. Rfc1 Rfc8 19. Qc2 Bf5 20. Qc3 Rb6 21. Bxd5 Ra6 22. Bxc6 Qe6 23. Bb5 Rxc5 24. Qxc5 Rd6 25. Qxa7 h5 26. Bd3 Bxd3 27. exd3 Qxa2 28. Qxe7 Re6 29.
Qd8+ Kh7 30. Rc8 Qb1+ 31. Kg2 Qb7+ 32. d5 g5 33. Rb8 1-0

[Event "Early-Titled-Tuesday-Blitz-October-17-2023"]
[Site "Chess.com"]
[Date "2023.10.17"]
[Round "3"]
[White "TigrVShlyape"]
[Black "Shuvalov"]
[Result "1/2-1/2"]
[WhiteElo "2834"]
[BlackElo "2512"]
[TimeControl "180+1"]
[EndTime "8:28:40 PDT"]
[Termination "Game drawn by repetition"]

1. d4 Nf6 2. Nf3 c5 3. d5 b5 4. c4 b4 5. Bg5 g6 6. Bxf6 exf6 7. e3 Bg7 8. Nbd2 f5 9. Qc2 d6 10. g3 O-O 11. Be2 Nd7 12. O-O a5 13. a4 Re8 14.
Rad1 Nf6 15. b3 Ne4 16. Bd3 Nc3 17. Rde1 Ra7 18. Nh4 Rae7 19. Ng2 Ne4 20. Re2 Bc3 21. Nb1 Bg7 22. f3 Nc3 23. Ree1 Nxb1 24. Qxb1 Bh6 25. f4 Bg7 26. Qc2 Bc3 27. Re2 h5 28. Rf3 Kg7 29.
Qc1 Bf6 30. h4 Bd7 31. Qc2 Bc8 32. Kh2 Bd7 33. Qc1 Bc8 34. Rf1 Bd7 35. Ne1 Bc8 36. Nf3 Bd7 37. Kg2 Bc8 38. Kf2 Bd7 39. Qc2 Bc8 40.
Rfe1 Bc3 41. Rc1 Bf6 42. Rh1 Bd7 43. Qc1 Bc8 44. Ng5 Bd7 45. Qc2 Bc8 46. Nf3 Bd7 47. Qc1 Bc8 48. Rhe1 Bc3 49. Rh1 Bf6 1/2-1/2

[Event "Early-Titled-Tuesday-Blitz-October-17-2023"]
[Site "Chess.com"]
[Date "2023.10.17"]
[Round "3"]
[White "Cambek64"]
[Black "kleinebeer98"]
[Result "0-1"]
[WhiteElo "2405"]
[BlackElo "2851"]
[TimeControl "180+1"]
[EndTime "8:28:40 PDT"]
[Termination "kleinebeer98 won on time"]

1. d4 Nf6 2. c3 Rg8 3. Nf3 d6 4. h3 Nbd7 5. Bf4 c6 6. Nbd2 b5 7. e4 Bb7 8. Bd3 h6 9. Qe2 g5 10. Bh2 g4 11. hxg4 Nxg4 12. Bg3 Qa5 13. b4 Qa3 14. Nb3 a5 15. bxa5 Rxa5 16. O-O Ra8 17. e5 e6 18. Rfc1 dxe5 19. dxe5 Nc5 20. Nxc5 Bxc5 21.
Nd4 Bb6 22. Be4 Qc5 23. f3 Ra3 24. fxg4 Rxc3 25. Rxc3 Qxc3 26. Rd1 Qxg3 27. Bf3 h5 28. gxh5 Qf4 29. Qd3 Kf8 30. Kf1 Qxe5 31. Nxc6 Bxc6 32. Bxc6 Kg7 33. Qf3 Kh8 34. g4 Rc8 35. Rd7 Qa1+ 36.
Kg2 f5 37. Kh3 Rg8 38. gxf5 Qf6 39. fxe6 Qxe6+ 0-1

[Event "Early-Titled-Tuesday-Blitz-October-17-2023"]
[Site "Chess.com"]
[Date "2023.10.17"]
[Round "3"]
[White "kingofthenil"]
[Black "IamSchrodingersCat"]
[Result "1-0"]
[WhiteElo "2718"]
[BlackElo "2531"]
[TimeControl "180+1"]
[EndTime "8:28:41 PDT"]
[Termination "kingofthenil won on time"]

1. e4 c5 2. d3 Nc6 3. g3 g6 4. Bg2 Bg7 5. f4 e6 6. Nf3 Nge7 7. O-O O-O 8. c3 Rb8 9. Be3 d6 10. d4 cxd4 11. cxd4 d5 12. e5 Bd7 13. Bf2 Rc8 14. Nc3 Na5 15. Rc1 Qb6 16. b3 Rc7 17. Qd2 Rfc8 18.
Rc2 Nac6 19. Na4 Qa5 20. Rfc1 Qxd2 21. Nxd2 Be8 22. Bf1 Bf8 23. b4 a6 24. Nb6 Rb8 25. a4 Nc8 26. Nxc8 Rbxc8 27. b5 axb5 28. axb5 1-0

[Event "Early-Titled-Tuesday-Blitz-October-17-2023"]
[Site "Chess.com"]
[Date "2023.10.17"]
[Round "3"]
[White "balachess2006"]
[Black "Logman74"]
[Result "1-0"]
[WhiteElo "2606"]
[BlackElo "2429"]
[TimeControl "180+1"]
[EndTime "8:28:42 PDT"]
[Termination "balachess2006 won on time"]

1. Nf3 Nf6 2. c4 e6 3. Nc3 Bb4 4. Qc2 O-O 5. e3 b6 6. a3 Bxc3 7. Qxc3 Bb7 8. Be2 d6 9. b4 e5 10. Bb2 Nbd7 11. O-O Ne4 12. Qc2 f5 13. d4 Ng5 14.
dxe5 Nxf3+ 15. Bxf3 Bxf3 16. gxf3 Nxe5 17. f4 Ng4 18. h3 Nf6 19. Qxf5 Qe8 20. Kh2 Qe4 21.
Qxe4 Nxe4 22. Rad1 a5 23. b5 Rae8 24. Kg2 Rf5 25.
Rd5 Ref8 26. Rfd1 Nc5 27. Rxf5 Rxf5 28. Bd4 Ne6 29. Bb2 Kf7 30. Kf3 h5 31. Rd5 Ng5+ 32.
Kg2 Rxd5 33. cxd5 Ne4 34. Kf3 Nc5 35. Bd4 Nb3 36. Bc3 Nc5 37. e4 g6 38. Ke3 Nb3 39.
e5 Nc5 40. f3 Na4 41. Be1 Nc5 42. Bh4 Na4 43. Kd4 Nc5 44. Bd8 dxe5+ 45. fxe5 Nb3+ 46. Ke3 Nc5 47. Bxc7 1-0

[Event "Early-Titled-Tuesday-Blitz-October-17-2023"]
[Site "Chess.com"]
[Date "2023.10.17"]
[Round "3"]
[White "stratacticos"]
[Black "HanSchut"]
[Result "0-1"]
[WhiteElo "1720"]
[BlackElo "2318"]
[TimeControl "180+1"]
[EndTime "8:28:42 PDT"]
[Termination "HanSchut won on time"]

1. e4 c5 2. f4 g6 3. Nf3 Bg7 4. c3 Nc6 5. Bb5 d5 6. exd5 Qxd5 7.
O-O Bg4 8. Na3 a6 9. Bxc6+ Qxc6 10. Nc4 e6 11. Qe1 Bxf3 12. Rxf3 Ne7 13. Ne5 Qc7 14. d4 O-O 15. Bd2 Rad8 16. Qh4 Nf5 17.
Qh3 cxd4 18. g4 dxc3 19. Bxc3 Nd4 20. Bxd4 Rxd4 21. Rc3 Qb6 22. Qe3 Rfd8 23. Re1 Rb4 24. Qxb6 Rxb6 25. b3 Rb4 0-1

[Event "Early-Titled-Tuesday-Blitz-October-17-2023"]
[Site "Chess.com"]
[Date "2023.10.17"]
[Round "3"]
[White "Laico"]
[Black "jeetjain"]
[Result "1-0"]
[WhiteElo "2437"]
[BlackElo "2579"]
[TimeControl "180+1"]
[EndTime "8:28:45 PDT"]
[Termination "Laico won by checkmate"]

1. e4 e5 2. Nc3 Nc6 3. Bc4 Nf6 4.
d3 Bc5 5. Bg5 h6 6. Bh4 a6 7. a3 b5 8. Bb3 Nd4 9. Ba2 d6 10. Nce2 g5 11. Bg3 Qe7 12. Nxd4 Bxd4 13. c3 Bb6 14. h4 g4 15. Ne2 Nh5 16. Qd2 Qf6 17. O-O-O Nxg3 18. fxg3 Be6 19. Rhf1 Qe7 20. Bxe6 Qxe6 21. Kb1 a5 22. Rf5 b4 23. cxb4 axb4 24. Qxb4 Bc5 25. Qb5+ Ke7 26. Rdf1 Rhf8 27. Rf6 Qxf6 28.
Rxf6 Kxf6 29. Qd7 Ra7 30. Nc3 Rb8 31. Nd5+ Kg7 32. Qxg4+ Kf8 33. Nf6 Ke7 34. Nd5+ Kd8 35. Qg8+ Kd7 36. Qxb8 Bd4 37. Nf6+ Ke6 38. Nd5 Kd7 39. Kc2 c6 40. Nb4 Ra5 41. Qb7+ Ke6 42. Nxc6 Rc5+ 43. Kd2 Bf2 44. Nd8+ Kf6 45. Qxf7# 1-0

[Event "Early-Titled-Tuesday-Blitz-October-17-2023"]
[Site "Chess.com"]
[Date "2023.10.17"]
[Round "3"]
[White "ActorXu"]
[Black "GlavkonVVS"]
[Result "1-0"]
[WhiteElo "2783"]
[BlackElo "2577"]
[TimeControl "180+1"]
[EndTime "8:28:46 PDT"]
[Termination "ActorXu won by resignation"]

1. e4 Nf6 2. e5 Nd5 3. d4 d6 4.
c4 Nb6 5. exd6 cxd6 6. Nc3 g6 7. Be3 Bg7 8. Rc1 O-O 9. b3 f5 10. g3 e5 11. dxe5 dxe5 12. Qxd8 Rxd8 13. c5 N6d7 14. Bc4+ Kf8 15. Nd5 Na6 16. Bxa6 bxa6 17. Nc7 f4 18. Nxa8 fxe3 19. Nc7 exf2+ 20. Kxf2 Nf6 21. Nf3 Ng4+ 22. Ke2 e4 23. Ng5 Ke7 24. Rcd1 Rd3 25. Nd5+ Ke8 26. Rhe1 Bf5 27. c6 h6 28. Nxe4 Bxe4 29. Rxd3 Bxd3+ 30. Kxd3+ Ne5+ 31. Kd4 Kd8 32. Rxe5 g5 33. Ke4 Bxe5 34. Kxe5 a5 35. Kd6 1-0

[Event "Early-Titled-Tuesday-Blitz-October-17-2023"]
[Site "Chess.com"]
[Date "2023.10.17"]
[Round "3"]
[White "Actuary44"]
[Black "LeRoidesChampions"]
[Result "1/2-1/2"]
[WhiteElo "2536"]
[BlackElo "2695"]
[TimeControl "180+1"]
[EndTime "8:28:46 PDT"]
[Termination "Game drawn by stalemate"]

1. e4 c5 2. d4 cxd4 3. c3 Nf6 4.
Bd3 dxc3 5. Nxc3 Nc6 6. f4 d6 7. Nf3 g6 8. O-O Bg7 9. Kh1 Bg4 10. Qe1 Bxf3 11. Rxf3 O-O 12. Be3 Rc8 13. Rd1 Qa5 14. Rh3 a6 15. Qh4 h5 16. f5 Ne5 17. fxg6 fxg6 18.
Bc2 Nfg4 19. Bb3+ Kh7 20. Bg1 Nf6 21. Rg3 Neg4 22. Be6 Rxc3 23. bxc3 Bh6 24. Bxg4 hxg4 25. Be3 Qh5 26. Qxh5 Nxh5 27. Bxh6 Nxg3+ 28. hxg3 Kxh6 29. Rb1 b5 30. Rb4 Rf1+ 31. Kh2 Ra1 32. c4 bxc4 33. Rxc4 Rxa2 34. Rc7 e5 35. Rc6 Ra4 36. Rxd6 Rxe4 37. Rxa6 Re2 38. Re6 Kg5 39. Re8 Kf5 40. Rf8+ Kg5 41.
Rf1 e4 42. Re1 Rxe1 1/2-1/2

[Event "Early-Titled-Tuesday-Blitz-October-17-2023"]
[Site "Chess.com"]
[Date "2023.10.17"]
[Round "3"]
[White "Witik"]
[Black "Aslanov_Umid"]
[Result "1-0"]
[WhiteElo "2806"]
[BlackElo "2502"]
[TimeControl "180+1"]
[EndTime "8:28:46 PDT"]
[Termination "Witik won by resignation"]

1. e4 c5 2. d4 cxd4 3. c3 d3 4. Bxd3 Nc6 5. c4 d6 6. Nc3 g6 7. Nge2 Bg7 8. O-O Nf6 9. b3 O-O 10. Bb2 a6 11. Rc1 Rb8 12. Ng3 Bd7 13. Qd2 Qa5 14. a3 Ne5 15. Be2 Be6 16. Kh1 Qb6 17. Bd1 Rbc8 18. h3 Nc6 19. Nd5 Bxd5 20. exd5 Nb8 21.
Re1 Rfe8 22. b4 Nbd7 23. Ba4 Qd8 24. Kg1 Rc7 25. Re2 Qc8 26. Bb3 b5 27. cxb5 Rxc1+ 28. Qxc1 Qxc1+ 29. Bxc1 axb5 30. Rc2 Nb6 31. Rc7 Nfxd5 32.
Rb7 Rc8 33. Bd2 Rc7 34. Bxd5 Nxd5 35. Rb8+ 1-0

[Event "Early-Titled-Tuesday-Blitz-October-17-2023"]
[Site "Chess.com"]
[Date "2023.10.17"]
[Round "3"]
[White "Andrei_Skvortsov"]
[Black "Road2GM3000"]
[Result "1-0"]
[WhiteElo "2661"]
[BlackElo "2433"]
[TimeControl "180+1"]
[EndTime "8:28:47 PDT"]
[Termination "Andrei_Skvortsov won by resignation"]

1. e4 c5 2. d4 cxd4 3. Qxd4 Nc6 4. Qd3 Nf6 5. Nc3 e6 6. Bf4 Bb4 7. O-O-O O-O 8. Nge2 b6 9. a3 Bxc3 10. Nxc3 e5 11. Bg5 h6 12. Bh4 g5 13. Bg3 Re8 14. h4 g4 15. h5 Nd4 16. Qe3 Kh7 17. Rxd4 exd4 18. Qxd4 Ng8 19. e5 Qg5+ 20. Bf4 Qg7 21.
Nd5 Bb7 22. Bd3+ Kh8 23. Nf6 Re6 24. Bf5 Nxf6 25. Bxe6 Ne4 26. Bd5 Nc5 27. Bxb7 Nxb7 28. Qd5 Rb8 29. Rd1 Nc5 30. Be3 Rc8 31. b4 Ne6 32.
Qxd7 Rd8 33. Qb5 a6 34. Rxd8+ Nxd8 35. Qe8+ Qg8 36. Qxg8+ Kxg8 37. Bxh6 Nc6 38. Be3 b5 39. Bf4 Kg7 40. c3 Nd8 41. Kd2 Ne6 42. Be3 f5 43.
exf6+ Kxf6 44. Kd3 Ng7 45. h6 Nf5 46. Bd4+ Kg6 47. Be3 g3 48. fxg3 Nxg3 49. c4 bxc4+ 50. Kxc4 Nf5 51. Bd2 Nd6+ 52. Kd5 Nb5 53. a4 Na3 54. Bc1 Nc2 55. b5 Nb4+ 56. Kc4 Na2 57. Bd2 axb5+ 58. axb5 1-0

[Event "Early-Titled-Tuesday-Blitz-October-17-2023"]
[Site "Chess.com"]
[Date "2023.10.17"]
[Round "3"]
[White "jcibarra"]
[Black "alsdesdentao"]
[Result "1-0"]
[WhiteElo "2892"]
[BlackElo "2503"]
[TimeControl "180+1"]
[EndTime "8:28:47 PDT"]
[Termination "jcibarra won by checkmate"]

1. e4 d6 2. d4 Nf6 3. Nc3 e5 4. Nf3 Nbd7 5. Bc4 Be7 6. a4 O-O 7. O-O exd4 8. Qxd4 Nb8 9. Bf4 Nc6 10. Qd2 Be6 11. Qe2 Bg4 12. Rad1 Qc8 13. h3 Bh5 14. Qe3 Re8 15. Rfe1 Bf8 16. Bg5 Nd7 17. Ba2 Nc5 18. Rd2 Bg6 19. Qf4 Be7 20. h4 h6 21.
Bxe7 Rxe7 22. e5 Ne6 23. Qg3 dxe5 24. Nxe5 Nxe5 25. Rxe5 Qf8 26. Bxe6 Rae8 27. Rde2 Kh7 28. Bb3 Rxe5 29. Rxe5 Rxe5 30. Qxe5 Qb4 31. h5 Bd3 32. Bxf7 Bxc2 33. Qe8 Qg4 34. Qg8# 1-0

[Event "Early-Titled-Tuesday-Blitz-October-17-2023"]
[Site "Chess.com"]
[Date "2023.10.17"]
[Round "3"]
[White "GMJustin"]
[Black "Sekar24"]
[Result "0-1"]
[WhiteElo "2176"]
[BlackElo "2532"]
[TimeControl "180+1"]
[EndTime "8:28:47 PDT"]
[Termination "Sekar24 won on time"]

1. d4 Nf6 2. c4 e6 3. Nf3 d5 4.
Bg5 Bb4+ 5. Nc3 h6 6. Bh4 dxc4 7. e3 b5 8. a4 c6 9. Be2 Nbd7 10. O-O Bxc3 11.
bxc3 Qb6 12. Qc2 Bb7 13. Rfb1 a6 14. Bxc4 O-O 15. Bd3 Rfe8 16. c4 Rac8 17. c5 Qd8 18.
e4 e5 19. dxe5 Nxe5 20. Nxe5 Rxe5 21. f4 Re8 22. e5 g5 23. fxg5 Ng4 24. Bh7+ Kf8 25.
Bf5 Qd4+ 26. Kh1 Ne3 27. Qf2 Nxf5 28. Qxf5 Qxh4 29. g6 Rc7 30. Rf1 Qg5 31. gxf7 Rxe5 32. Qh7 Qg7 0-1

[Event "Early-Titled-Tuesday-Blitz-October-17-2023"]
[Site "Chess.com"]
[Date "2023.10.17"]
[Round "3"]
[White "CristianS27"]
[Black "Krakozia"]
[Result "0-1"]
[WhiteElo "2508"]
[BlackElo "3009"]
[TimeControl "180+1"]
[EndTime "8:28:48 PDT"]
[Termination "Krakozia won by resignation"]

1. e4 c5 2. Nf3 e6 3. d4 cxd4 4. Nxd4 a6 5. Be2 Nf6 6. Nc3 Qc7 7. O-O Be7 8. Kh1 O-O 9. f4 d6 10. a4 b6 11. Bf3 Bb7 12. Qe2 Nbd7 13. Bd2 Rfe8 14.
Rae1 e5 15. Nf5 Bf8 16. Qf2 Kh8 17. fxe5 Nxe5 18. Bg5 Ng8 19. Nd5 Bxd5 20. exd5 g6 21. Nd4 Bg7 22. Nc6 b5 23. a5 f5 24. b3 Rac8 25. Be3 Nf6 26. Bb6 Qf7 27. Nd4 Nxd5 28. Qh4 Nc3 29. Ne2 Nxf3 30. Rxf3 Nxe2 0-1